 Dungeon Crawl Stone Soup version 0.26-a0-317-ge2f3d4a7ca (webtiles) character file.

Game seed: 4854187531788772418

3638 MrRokkomies the Covert (level 9, -1/42 HPs)
             Began as a Spriggan Venom Mage on July 16, 2020.
             Was a Believer of Sif Muna.
             Slain by a komodo dragon (30 damage)
             ... on level 8 of the Dungeon.
             The game lasted 00:31:42 (9884 turns).

MrRokkomies the Covert (Spriggan Venom Mage)        Turns: 9884, Time: 00:31:43

Health: -1/42      AC:  3    Str:  7    XL:     9   Next: 87%
Magic:  13/17      EV: 23    Int: 17    God:    Sif Muna [**....]
Gold:   597        SH:  0    Dex: 16    Spells: 5/18 levels left

rFire    . . .     SeeInvis +   e - +1 short sword
rCold    . . .     Faith    .   (shield restricted)
rNeg     . . .     Spirit   .   (armour restricted)
rPois    .         Reflect  .   w - +1 hat
rElec    .         Harm     .   g - +1 cloak
rCorr    .                      (gloves unavailable)
MR       +....                  (boots unavailable)
Stlth    +++++.....             u - amulet of magic regeneration
HPRegen  0.14/turn              p - ring of wizardry
MPRegen  0.40/turn              x - ring of stealth

@: very quick
A: very small, unfitting armour, see invisible, speed 3
a: Channel Magic, Renounce Religion


You were on level 8 of the Dungeon.
You worshipped Sif Muna.
Sif Muna was pleased with you.
You visited 2 branches of the dungeon, and saw 9 of its levels.

You collected 597 gold pieces.

Inventory:

Hand Weapons
 a - a +4 dagger of venom
 e - a +1 short sword (weapon)
Missiles
 k - 4 boomerangs of dispersal
 z - 5 silver boomerangs (quivered)
Armour
 g - a +1 cloak (worn)
 w - a +1 hat (worn)
Jewellery
 p - a ring of wizardry (left hand)
 t - an uncursed ring of protection from cold
 u - an amulet of magic regeneration (around neck)
 x - a ring of stealth (right hand)
 B - an uncursed ring of positive energy
Wands
 A - a wand of digging (6)
 F - a wand of enslavement (10)
Scrolls
 b - 10 scrolls of remove curse
 r - 2 scrolls of fear
 v - a scroll of blinking
 y - a scroll of identify
 D - a scroll of teleportation
 E - a scroll of immolation {unknown}
Potions
 c - 2 potions of lignification
 d - a potion of berserk rage
 f - a potion of flight
 h - a potion of cancellation {unknown}
 i - 2 potions of stabbing
 j - 2 potions of degeneration {unknown}
 l - 2 potions of ambrosia {unknown}
 m - a potion of magic {unknown}
 n - a potion of might {unknown}
 o - a potion of haste {unknown}
 q - a potion of curing
 s - a potion of resistance {unknown}
 C - a potion of heal wounds {unknown}


   Skills:
 * Level 1.9 Fighting
 * Level 4.8 Short Blades
 + Level 8.0 Dodging
 + Level 9.4 Stealth
 - Level 5.0 Spellcasting
 - Level 5.0 Transmutations
 - Level 5.0 Air Magic
 - Level 8.0 Poison Magic


You had 5 spell levels left.
You knew the following spells:

 Your Spells              Type           Power        Failure   Level
a - Sting                 Tmut/Pois      ####         1%          1
b - Poisonous Vapours     Pois/Air       ####..       1%          2
c - Mephitic Cloud        Conj/Pois/Air  ###.....     2%          3
d - Olgreb's Toxic Radia  Pois           ####....     2%          4
e - Ignite Poison         Fire/Tmut/Pois ###.....     2%          3

Your spell library contained the following spells:

 Spells                   Type           Power        Failure   Level
 Animate Skeleton         Necr           #.....       6%          1
 Apportation              Tloc           #.....       6%          1
 Corona                   Hex            #......      6%          1
 Summon Small Mammal      Summ           #...         6%          1


Dungeon Overview and Level Annotations

Branches:
Dungeon (8/15)             Temple (1/1) D:6            Lair (0/6) D:8

Altars:
Ashenzari
Cheibriados
Elyvilon
Fedhas
Gozag
Hepliaklqana
Kikubaaqudgha
Makhleb
Nemelex Xobeh
Okawaru
Qazlal
Ru
Sif Muna
Uskayaw
Wu Jian
Xom
Yredelemnul
Zin
The Shining One

Shops:
D:5 =

Annotations:
D:3 1 runed translucent door
D:4 Grinder
D:6 1 runed translucent door


Innate Abilities, Weirdness & Mutations

You are very small and have problems with some larger weapons.
You are too small for most types of armour.
You have supernaturally acute eyesight. (SInv)
You cover ground extremely quickly.


Message History

Aim: a komodo dragon (lightly wounded, poisoned) Poisonous vapours surround the komodo dragon!
The komodo dragon is engulfed in poison gas.
The komodo dragon looks even sicker.
Casting: Poisonous Vapours (safe; 1% risk of failure)
Confirm with . or Enter, or press ? or * to list all spells.
Aiming: Poisonous Vapours (safe; 1% risk of failure)
Press: ? - help, Dir - move target cursor, f/p - komodo dragon
Aim: a komodo dragon (lightly wounded, very poisoned) Poisonous vapours surround the komodo dragon!
The komodo dragon is engulfed in poison gas.
The komodo dragon looks even sicker.
You hit the komodo dragon but do no damage.
The komodo dragon is moderately wounded.
The komodo dragon bites you!
You barely miss the komodo dragon.
The komodo dragon is moderately wounded.
The komodo dragon bites you!!
Ouch! That really hurt!
You die...

.........#PPPPPP.P......##
.........#P.PPP......##.#
.........##.P...P...##..#
.........####.....####.##
.................## ##.#
###.....## #..# #......#
#.## #......###.#
#....@l.#.## ##......#.#
#........# #....#####
#...## #... #... #... ###


You could see a komodo dragon (very poisoned).

Vanquished Creatures
  Erica (D:7)
  Pikel (D:4)
  Maurice (D:8)
  A water moccasin (D:6)
  2 ice beasts (D:8)
  A phantom (D:7)
  A necrophage (D:8)
  2 ogres
  A centaur (D:7)
  A big kobold (D:8)
  3 bullfrogs
  A gnoll sergeant (D:7)
  2 scorpions
  3 vampire bats (D:8)
  A centaur zombie (D:5)
  2 bullfrog zombies (D:7)
  5 hounds
  3 jellies
  Crazy Yiuf (D:2)
  2 orc priests
  3 orc wizards (D:5)
  2 centaur skeletons
  2 worker ants
  2 iguanas
  A hound skeleton (D:7)
  9 adders
  8 gnolls
  An ooze (D:4)
  2 adder zombies (D:7)
  2 worms
  3 dart slugs
  2 leopard geckos
  16 orcs
  A bat (D:1)
  2 bat skeletons (D:8)
  4 bat zombies (D:8)
  4 giant cockroaches
  2 gnoll zombies (D:7)
  9 goblins
  6 hobgoblins
  8 jackals
  11 kobolds
  4 quokkas
  5 frilled lizards
  A leopard gecko skeleton (D:4)
  A quokka skeleton (D:4)
  5 rats
151 creatures vanquished.

Vanquished Creatures (others)
  A plant (D:8)
1 creature vanquished.

Grand Total: 152 creatures vanquished

Notes
Turn   | Place    | Note
-------+----------+-------------------------------------------
     0 | D:1      | MrRokkomies the Spriggan Venom Mage began the quest for the
                  | Orb.
     0 | D:1      | Reached XP level 1. HP: 9/9 MP: 5/5
   171 | D:1      | Reached XP level 2. HP: 13/13 MP: 6/6
   177 | D:1      | Learned a level 2 spell: Poisonous Vapours
  1126 | D:2      | Reached XP level 3. HP: 16/16 MP: 8/8
  1131 | D:2      | Learned a level 3 spell: Mephitic Cloud
  1189 | D:2      | Found a runed translucent door.
  1190 | D:2      | Noticed Crazy Yiuf
  1218 | D:2      | Found a stormy altar of Qazlal.
  1664 | D:2      | Found a hide-covered altar of Uskayaw.
  1699 | D:2      | Reached skill level 4 in Stealth
  1699 | D:2      | Reached XP level 4. HP: 21/21 MP: 9/9
  2142 | D:2      | Killed Crazy Yiuf
  2576 | D:3      | Reached XP level 5. HP: 23/24 MP: 4/10
  2643 | D:3      | Found a white marble altar of Elyvilon.
  2645 | D:3      | Found a runed translucent door.
  2645 | D:3      | Noticed an angel
  2651 | D:3      | You fall into a shaft and drop 3 floors!
  2872 | D:6      | Found a staircase to the Ecumenical Temple.
  2886 | D:6      | Noticed an ogre
  2890 | Temple   | Entered the Ecumenical Temple
  2926 | Temple   | Became a worshipper of Sif Muna the Loreminder
  2976 | D:6      | Killed an ogre
  2976 | D:6      | Reached skill level 5 in Stealth
  2976 | D:6      | Reached XP level 6. HP: 13/28 MP: 7/11
  3304 | D:5      | Entered Level 5 of the Dungeon
  3346 | D:5      | Learned a level 4 spell: Olgreb's Toxic Radiance
  3356 | D:4      | Reached skill level 5 in Transmutations
  3441 | D:3      | Found a sacrificial altar of Ru.
  3995 | D:4      | Reached skill level 5 in Dodging
  3995 | D:4      | Reached skill level 5 in Poison Magic
  4087 | D:4      | Reached skill level 1 in Air Magic
  4117 | D:4      | Noticed Pikel
  4133 | D:4      | Killed Pikel
  4133 | D:4      | Reached skill level 6 in Stealth
  4133 | D:4      | Reached XP level 7. HP: 32/32 MP: 0/12
  4521 | D:4      | Noticed Grinder
  4578 | D:4      | Reached XP level 8. HP: 36/36 MP: 7/13
  5150 | D:4      | Found an opulent altar of Gozag.
  5353 | D:5      | Found a shimmering altar of Xom.
  5563 | D:5      | Reached * piety under Sif Muna
  5563 | D:5      | Reached skill level 7 in Stealth
  5679 | D:5      | Learned a level 3 spell: Ignite Poison
  6157 | D:5      | Found Zomi's Jewellery Shoppe.
  6457 | D:5      | Found a burning altar of Makhleb.
  6501 | D:6      | Reached skill level 5 in Spellcasting
  6950 | D:6      | Found a runed translucent door.
  8115 | D:7      | Reached skill level 5 in Air Magic
  8234 | D:7      | Reached XP level 9. HP: 29/39 MP: 17/17
  8333 | D:7      | Reached skill level 8 in Stealth
  8547 | D:7      | Reached skill level 1 in Short Blades
  8824 | D:7      | Found a basalt altar of Yredelemnul.
  8878 | D:8      | Noticed Erica
  8905 | D:7      | Killed Erica
  8949 | D:8      | Reached ** piety under Sif Muna
  9191 | D:8      | Reached skill level 9 in Stealth
  9364 | D:8      | Found a sparkling altar of Nemelex Xobeh.
  9441 | D:8      | Found an ancient bone altar of Kikubaaqudgha.
  9467 | D:8      | Reached skill level 1 in Fighting
  9560 | D:8      | Found an ornate altar of the Wu Jian Council.
  9617 | D:8      | Noticed Maurice
  9632 | D:8      | Killed Maurice
  9854 | D:8      | Found a staircase to the Lair.
  9855 | D:8      | Noticed a komodo dragon
  9884 | D:8      | Slain by a komodo dragon

Illustrated notes

Levels and vault maps discovered:
D:1:      mainiacjoe_arrival_reflecting_pool, layout_basic, serial_forest,
          infiniplex_forest_lined_1, infiniplex_forest_clump_large,
          infiniplex_forest_clump_diagonal, infiniplex_forest_clump_long
D:2:      layout_basic, overflow_temple_1_default,
          eat_drink_and_be_merry_uskayaw, uniq_crazy_yiuf_cottage
D:3:      layout_rooms, overflow_temple_1_default, lemuel_angel_altar
D:4:      layout_basic, nicolae_gozag_seed_capital, kennysheep_doodads,
          uniq_pikel, uniq_grinder
D:5:      layout_basic, lemuel_round_altar, xom_teletrap_fun,
          minmay_shop_enchanted_jewellery
D:6:      layout_basic, minmay_temple_entry_ruins,
          nicolae_ossuary_entry_monument, lightli_church_of_beogh
D:7:      layout_loops_ring, lemuel_zombie_altar_yredelemnul
D:8:      layout_cave_pods, lemuel_crystal_altar, kennysheep_vampire_church,
          lemuel_crystal_altar, gammafunk_temple_overflow_elements,
          david_lair_shrubbed, uniq_erica, uniq_maurice
Temple:   jpeg_temple_island

Skill      XL: |  1  2  3  4  5  6  7  8  9 |
---------------+----------------------------+-----
Transmutations | 2 3 4 5 |  5.0
Stealth        | 4 5 6 7 9 |  9.4
Dodging        | 4 5 6 8 |  8.0
Poison Magic   | 4 5 6 7 8 |  8.0
Air Magic      | 3 5 |  5.0
Spellcasting   | 3 5 |  5.0
Short Blades   | 4 |  4.8
Fighting       | 1 |  1.9

Action                   |  1- 3 |  4- 6 |  7- 9 || total
-------------------------+-------+-------+-------++-------
Melee: Short sword       |    90 |    50 |   268 ||   408
Throw: Boomerang         |       |       |    42 ||    42
 Cast: Sting             |    24 |    12 |    31 ||    67
       Poisonous Vapours |     3 |    26 |    33 ||    62
       Olgreb's Toxic Ra |       |     3 |     3 ||     6
       Mephitic Cloud    |       |       |    15 ||    15
       Ignite Poison     |       |       |     7 ||     7
  Use: Scroll            |     4 |     3 |     5 ||    12
 Stab: Sleeping          |     6 |     4 |    17 ||    27
       Distracted        |     1 |       |       ||     1
       Confused          |       |       |     3 ||     3
Armor: Robe              |    16 |     3 |    39 ||    58
Dodge: Dodged            |    74 |    59 |   360 ||   493

Table legend:
 A = Non-vault XP
 B = Vault XP
 C = Vault XP percentage of total XP
 D = Non-vault monster count
 E = Vault monster count
 F = Vault count percentage of total count
                 A         B        C        D         E       F
            +---------+---------+-------+---------+---------+-------
      Total |    2948 |    2250 |  43.3 |     136 |      15 |   9.9
            +---------+---------+-------+---------+---------+-------
        D:1 |      28 |       0 |   0.0 |      16 |       0 |   0.0
        D:2 |      85 |      41 |  32.5 |      24 |       1 |   4.0
        D:3 |     127 |       0 |   0.0 |      14 |       0 |   0.0
        D:4 |     539 |     629 |  53.9 |      23 |       1 |   4.2
        D:5 |     321 |       0 |   0.0 |      15 |       0 |   0.0
        D:6 |     596 |       0 |   0.0 |       9 |       0 |   0.0
        D:7 |     708 |     942 |  57.1 |      21 |       3 |  12.5
        D:8 |     544 |     638 |  54.0 |      14 |      10 |  41.7
            +---------+---------+-------+---------+---------+-------
